 Dungeon Crawl Stone Soup version 0.26-a0-1184-g95e395e029 (webtiles) character file.

Game seed: 17455508511368207365

7191 wythoutpain the Thrower (level 10, -3/94 HPs)
             Began as a Troll Hunter on Dec 27, 2020.
             Was a Priest of Okawaru.
             Slain by a seven-headed hydra (15 damage)
             ... on level 1 of the Lair of Beasts.
             The game lasted 01:49:50 (7330 turns).

wythoutpain the Thrower (Troll Hunter)              Turns: 7330, Time: 01:49:50

Health: -3/94      AC: 10    Str: 29    XL:     10   Next: 87%
Magic:  11/11      EV: 12    Int:  7    God:    Okawaru [***...]
Gold:   587        SH:  0    Dex: 15    Spells: 9/9 levels left

rFire    . . .     SeeInvis .   A - +11 mace of Nehig {vamp, rElec rC+ Dex-3 Stlth+}
rCold    + . .     Faith    .   (no shield)
rNeg     . . .     Spirit   .   G - +2 robe {Will+}
rPois    .         Reflect  .   h - +2 hat
rElec    +         Harm     .   (no cloak)
rCorr    .         Rampage  .   (gloves unavailable)
Will     +....                  (boots unavailable)
Stlth    +++.......             (no amulet)
HPRegen  0.65/turn              l - +6 ring of dexterity
MPRegen  0.12/turn              j - +6 ring of strength

@: no status effects
A: large, unfitting armour, claws 3, regeneration 1, shaggy fur 1, tough skin 3
a: Renounce Religion, Heroism


You were on level 1 of the Lair of Beasts.
You worshipped Okawaru.
Okawaru was most pleased with you.
You visited 3 branches of the dungeon, and saw 11 of its levels.

You collected 587 gold pieces.

Inventory:

Hand Weapons
 A - the +11 mace of Nehig (weapon) {vamp, rElec rC+ Dex-3 Stlth+}
   (You found it on level 5 of the Dungeon)

   It inflicts no extra harm, but heals its wielder when it wounds a living foe.
   It affects your dexterity (-3).
   It protects you from cold.
   It insulates you from electricity.
   It makes you more stealthy.
 B - a +0 giant spiked club
Missiles
 d - a throwing net
 n - 175 stones
 s - 7 poisoned darts
 u - 5 large rocks (quivered)
 C - 7 javelins
Armour
 h - a +2 hat (worn)
 v - a scarf of harm
 G - a +2 robe of willpower (worn)
Jewellery
 a - an uncursed ring of protection from cold
 e - a +6 ring of dexterity
 f - an uncursed ring of poison resistance {unknown}
 j - a +6 ring of strength (right claw)
 l - a +6 ring of dexterity (left claw)
 o - an uncursed ring of wizardry
 y - an uncursed ring of fire
Wands
 k - a wand of paralysis (7)
 D - a wand of iceblast (9)
 F - a wand of random effects (16)
Scrolls
 c - 8 scrolls of teleportation
 g - a scroll of enchant weapon {unknown}
 i - 4 scrolls of remove curse
 r - a scroll of amnesia
 t - a scroll of enchant armour
 w - a scroll of blinking
 E - a scroll of magic mapping
Potions
 b - a potion of heal wounds
 m - a potion of haste
 p - a potion of flight
 q - a potion of lignification
 x - 2 potions of berserk rage
 z - a potion of cancellation {unknown}


   Skills:
 + Level 4.4 Fighting
 + Level 6.8 Maces & Flails
 + Level 9.6 Throwing
 + Level 4.7 Dodging
 + Level 2.7 Stealth
 + Level 5.5 Unarmed Combat
 * Level 3.9 Invocations
 + Level 1.2 Evocations


You had 9 spell levels left.
You didn't know any spells.
Your spell library was empty.

Dungeon Overview and Level Annotations

Branches:
Dungeon (9/15)             Temple (1/1) D:7            Lair (1/6) D:8
    Orc: D:9-12

Altars:
Ashenzari
Cheibriados
Dithmenos
Elyvilon
Fedhas
Gozag
Hepliaklqana
Kikubaaqudgha
Makhleb
Nemelex Xobeh
Okawaru
Qazlal
Ru
Sif Muna
Trog
Uskayaw
Vehumet
Wu Jian
Xom
Yredelemnul
Zin
The Shining One


Innate Abilities, Weirdness & Mutations

You are too large for most types of armour.
You have claws for hands.
Your natural rate of healing is unusually fast.
You are covered in fur. (AC +1)
You have extremely tough skin. (AC +3)


Message History

Moving in this stuff is going to be slow.
There is a staircase to the Lair here.
You climb downwards.
Welcome back to the Lair of Beasts!
A yak comes into view.
The seven-headed hydra bites you!
The seven-headed hydra barely misses you.
The seven-headed hydra bites you! The seven-headed hydra bites you.
The seven-headed hydra bites you!
The seven-headed hydra bites you but does no damage.
The seven-headed hydra bites you!
The cane toad stings you but does no damage.
The seven-headed hydra closely misses you.
The seven-headed hydra bites you! x2
* * * LOW HITPOINT WARNING * * *
The seven-headed hydra bites you!
* * * LOW HITPOINT WARNING * * *
The seven-headed hydra bites you.
* * * LOW HITPOINT WARNING * * *
The seven-headed hydra bites you!
You die...

#........##
....Y....##
#.........#
#..Y...Y?.#
#..........
#.YY!......
##YD......(
#..@F.....(
#####......
..... ....
... .. .


You could see a seven-headed hydra, 6 yaks and a cane toad.

Vanquished Creatures
  A two-headed ogre (D:8)
  The ghost of sahdkjhfkaj the Ruffian, a novice TrDe (D:4)
  Maggie (D:8)
  A troll (D:8)
  Grinder (D:3)
  Prince Ribbit (D:8)
  4 hogs (D:9)
  A human (D:9)
  Grum (D:8)
  A steam dragon (D:8)
  A sky beast (D:8)
  2 orc warriors
  5 ice beasts
  A phantom (D:5)
  4 ogres
  4 wolves (D:8)
  5 centaurs
  A big kobold (D:6)
  The ghost of Lobster4 the Magician, an amateur DEEE (D:3)
  5 bullfrogs
  3 scorpions
  3 killer bees (D:9)
  3 wights
  2 electric eels (D:8)
  3 howler monkeys
  A centaur zombie (D:5)
  2 quasits (D:8)
  10 hounds
  4 orc priests
  A jelly (D:9)
  A centaur skeleton (D:9)
  8 orc wizards
  An iguana (D:6)
  A bullfrog skeleton (D:7)
  7 worker ants
  2 killer bee zombies (D:8)
  A centaur simulacrum (D:4)
  A hound skeleton (D:4)
  A worker ant zombie (D:5)
  9 adders
  7 gnolls (D:4)
  2 hound simulacra (D:4)
  2 shadow imps
  2 white imps
  2 oozes (D:3)
  An ufetubus (D:5)
  2 adder zombies
  3 worms
  3 dart slugs
  An adder simulacrum (D:4)
  5 leopard geckos
  35 orcs
  A ball python (D:1)
  4 bats
  7 giant cockroaches
  5 goblins
  9 hobgoblins
  16 jackals
  18 kobolds
  5 frilled lizards
  A leopard gecko simulacrum (D:4)
  A leopard gecko skeleton (D:5)
  A quokka simulacrum (D:4)
  A quokka skeleton (D:3)
  7 rats
247 creatures vanquished.

Vanquished Creatures (others)
  An adder (D:8)
  A jackal (D:8)
  A plant (Lair:1)
3 creatures vanquished.

Grand Total: 250 creatures vanquished

Notes
Turn   | Place    | Note
-------+----------+-------------------------------------------
     0 | D:1      | wythoutpain the Troll Hunter began the quest for the Orb.
     0 | D:1      | Reached XP level 1. HP: 19/19 MP: 0/0
   192 | D:1      | Reached skill level 4 in Throwing
   293 | D:1      | Reached XP level 2. HP: 26/27 MP: 1/1
   803 | D:2      | Reached XP level 3. HP: 33/33 MP: 2/2
  1108 | D:2      | Reached XP level 4. HP: 42/42 MP: 3/3
  1273 | D:2      | Found a sparkling altar of Nemelex Xobeh.
  1511 | D:3      | Noticed Lobster4's ghost (amateur DEEE)
  1519 | D:3      | Found a runed translucent gate.
  1519 | D:3      | Found a runed translucent gate.
  1519 | D:3      | Found a runed translucent gate.
  1578 | D:3      | Killed Lobster4's ghost
  1579 | D:3      | Reached skill level 5 in Throwing
  1579 | D:3      | Reached skill level 1 in Stealth
  1579 | D:3      | Reached skill level 1 in Unarmed Combat
  1579 | D:3      | Reached XP level 5. HP: 49/49 MP: 4/4
  1797 | D:3      | Noticed Grinder
  1802 | D:3      | Killed Grinder
  1803 | D:3      | Reached XP level 6. HP: 57/57 MP: 5/5
  1858 | D:3      | Found a shimmering altar of Xom.
  2407 | D:4      | Noticed sahdkjhfkaj's ghost (novice TrDe)
  2410 | D:4      | Noticed an ice beast
  2449 | D:4      | Reached skill level 6 in Throwing
  2449 | D:4      | Reached XP level 7. HP: 63/63 MP: 6/6
  2461 | D:4      | Found a runed translucent gate.
  2461 | D:4      | Found a runed translucent gate.
  2461 | D:4      | Found a runed translucent gate.
  2580 | D:4      | Found a hide-covered altar of Uskayaw.
  2806 | D:4      | Killed sahdkjhfkaj's ghost
  2807 | D:4      | Reached skill level 7 in Throwing
  2851 | D:4      | Reached XP level 8. HP: 46/72 MP: 7/7
  2919 | D:5      | Entered Level 5 of the Dungeon
  2968 | D:5      | Got an ichor-stained mace
  2970 | D:5      | Identified the +11 mace of Nehig {vamp, rElec rC+ Dex-3
                  | Stlth+} (You found it on level 5 of the Dungeon)
  3373 | D:5      | Found a snail-covered altar of Cheibriados.
  3376 | D:5      | Reached skill level 1 in Maces & Flails
  3376 | D:5      | Reached skill level 5 in Unarmed Combat
  3376 | D:5      | Reached skill level 1 in Evocations
  3584 | D:5      | Reached skill level 8 in Throwing
  3846 | D:6      | Reached XP level 9. HP: 80/80 MP: 8/8
  4090 | D:6      | Found a shimmering altar of Xom.
  4128 | D:6      | Found a burning altar of Makhleb.
  4619 | D:7      | Found a staircase to the Ecumenical Temple.
  5118 | Temple   | Entered the Ecumenical Temple
  5233 | Temple   | Became a worshipper of Warmaster Okawaru
  5396 | D:8      | Noticed Prince Ribbit
  5440 | D:8      | Reached skill level 1 in Invocations
  5475 | D:8      | Noticed Maggie
  5496 | D:8      | Killed Maggie
  5496 | D:8      | Reached * piety under Okawaru
  5497 | D:8      | Reached skill level 5 in Maces & Flails
  5497 | D:8      | Reached skill level 9 in Throwing
  5527 | D:8      | Noticed a troll
  5537 | D:8      | Killed a troll
  5538 | D:8      | Reached XP level 10. HP: 87/91 MP: 10/10
  5540 | D:8      | Killed Prince Ribbit
  5609 | D:8      | Noticed a two-headed ogre
  5622 | D:8      | Killed a two-headed ogre
  5622 | D:8      | Reached ** piety under Okawaru
  5662 | D:8      | Found a staircase to the Lair.
  5676 | D:8      | Noticed Grum
  5708 | D:8      | HP: 3/92 [Grum/-1 glaive (19)]
  5834 | D:8      | Killed Grum
  6112 | D:8      | Found a white marble altar of Elyvilon.
  6420 | Lair:1   | Entered Level 1 of the Lair of Beasts
  6420 | Lair:1   | Noticed a seven-headed hydra
  6421 | Lair:1   | Noticed a cane toad
  6607 | D:9      | Upgraded the game from 0.26-a0-1181-gd376ed14c5 to
                  | 0.26-a0-1184-g95e395e029
  6775 | D:9      | Reached *** piety under Okawaru
  7330 | Lair:1   | Slain by a seven-headed hydra

Illustrated notes

Levels and vault maps discovered:
D:1:      lemuel_arrival_river_bridge, layout_loops_cross,
          minmay_three_crescents
D:2:      layout_basic, nemelex_altar_shiori
D:3:      layout_basic, xom_teletrap_fun, gammafunk_ghost_split, uniq_grinder
D:4:      layout_rooms, kennysheep_mini, gammafunk_ghost_icy,
          grunt_decor_junction
D:5:      layout_basic, lemuel_doored_altar
D:6:      layout_rooms, marbit_many_paths, basic_altar
D:7:      layout_cave_pools, minmay_temple_entry_slanted,
          chequers_serial_rivers_large_a
D:8:      layout_cave_pods, nicolae_overflow_hidden_temple, erik_lair_island,
          uniq_maggie, uniq_prince_ribbit1, uniq_grum
D:9:      layout_irregular_city, minmay_variable_closet, grunt_livestock
Temple:   eino_temple_rhombus
Lair:1:   layout_hall_layers, grunt_megastairs_1, lemuel_fruit_fields,
          uniq_erica

Skill      XL: |  1  2  3  4  5  6  7  8  9 10 |
---------------+-------------------------------+-----
Throwing       | 4 5 6 7 8 9 |  9.6
Dodging        | 2 3 4 |  4.7
Stealth        | 1 2 |  2.7
Unarmed Combat | 1 2 3 4 5 |  5.5
Fighting       | 2 3 4 |  4.4
Maces & Flails | 2 5 6 |  6.8
Evocations     | 1 |  1.2
Invocations    | 2 3 |  3.9

Action                   |  1- 3 |  4- 6 |  7- 9 | 10-12 || total
-------------------------+-------+-------+-------+-------++-------
Melee: Unarmed           |    40 |    67 |    33 |       ||   140
       Mace              |       |       |   167 |   121 ||   288
       Punch             |       |       |     5 |     6 ||    11
Throw: Large rock        |    14 |    15 |    23 |    18 ||    70
       Stone             |    25 |    69 |   124 |    41 ||   259
       Dart              |       |     4 |       |       ||     4
       Boomerang         |       |     7 |    27 |       ||    34
       Throwing net      |       |       |     1 |       ||     1
       Javelin           |       |       |     3 |       ||     3
Evoke: Wand              |       |       |    11 |     6 ||    17
  Use: Scroll            |     7 |     4 |     5 |     7 ||    23
       Potion            |       |       |     1 |     4 ||     5
 Stab: Sleeping          |     2 |     4 |     3 |     2 ||    11
       Distracted        |       |     1 |       |       ||     1
Armor: Robe              |    18 |    21 |    69 |    50 ||   158
Dodge: Dodged            |    19 |    32 |   145 |    75 ||   271

Table legend: (Time is in decaauts)
 A = Elapsed time spent in this place.
 B = Non-inter-level travel time spent in this place.
 C = Inter-level travel time spent in this place.
 D = Time resting spent in this place.
 E = Time spent auto-exploring this place.
 F = Levels seen in this place.
 G = Mean time per level.
                   A        B        C        D        E       F      G
               +--------+--------+--------+--------+--------+-----+--------+
         Total |   7371 |   6840 |    531 |    270 |   4824 |  11 |  670.1 |
       Dungeon |   7233 |   6731 |    502 |    270 |   4724 |   9 |  803.7 |
        Temple |    131 |    102 |     29 |      0 |    100 |   1 |  131.0 |
          Lair |      6 |      6 |      0 |      0 |      0 |   1 |    6.0 |
               +--------+--------+--------+--------+--------+-----+--------+

Top non-repeatable levels by time:
     D:8: 1214 daAuts
     D:5: 1019 daAuts
     D:3: 881 daAuts
     D:1: 778 daAuts
     D:7: 775 daAuts
     D:9: 761 daAuts
     D:2: 653 daAuts
     D:4: 615 daAuts
     D:6: 533 daAuts
  Temple: 131 daAuts
  Lair:1: 6 daAuts
